 Dungeon Crawl Stone Soup version 0.22-a0-772-gac08f70 (webtiles) character file.

9 Amnesiac the Digger (level 2, 19/19 HPs)
             Began as a Demonspawn Earth Elementalist on July 17, 2018.
             Quit the game on level 2 of the Dungeon.
             The game lasted 00:00:31 (86 turns).

Amnesiac the Digger (Demonspawn Earth Elementalist)   Turns: 86, Time: 00:00:31

Health: 19/19      AC:  3    Str:  8    XL:     2   Next: 6%
Magic:  1/5        EV: 12    Int: 16    God:
Gold:   0          SH:  0    Dex: 13    Spells: 4/5 levels left

rFire    . . .     SeeInvis .   g - +0 dagger
rCold    . . .     Gourm    .   (no shield)
rNeg     . . .     Faith    .   c - +0 robe
rPois    .         Spirit   .   (no helmet)
rElec    .         Reflect  .   (no cloak)
rCorr    .         Harm     .   a - +0 pair of gloves
MR       .....                  (no boots)
Stlth    ++........             (no amulet)
HPRegen  0.06/turn              (no ring)
MPRegen  0.09/turn              (no ring)

@: no status effects
A: hooves 1
a: no special abilities


You were on level 2 of the Dungeon.
You were not hungry.

You visited 1 branch of the dungeon, and saw 2 of its levels.

Inventory:

Hand Weapons
 g - a +0 dagger (weapon)
Missiles
 b - 27 stones (quivered)
Armour
 a - a +0 pair of gloves (worn)
 c - a +0 robe (worn)
 e - a +0 helmet
Scrolls
 f - a scroll of amnesia {!r, unknown}
Comestibles
 d - a ration


   Skills:
 + Level 1.9 Dodging
 - Level 2.0 Stealth
 + Level 2.1 Spellcasting
   Level 0.8 Transmutations
 * Level 2.9 Earth Magic


You had 4 spell levels left.
You knew the following spells:

 Your Spells              Type           Power        Failure   Level  Hunger
a - Sandblast             Erth           ##....       6%          1    #......

Your spell library contained the following spells:

 Spells                   Type           Power        Failure   Level  Hunger
 Stone Arrow              Conj/Erth      #.....       32%         3    ###....
 Passwall                 Tmut/Erth      #.......     14%         2    ###....
 Lee's Rapid Deconstruct  Erth           ##........   86%         5    ######.
 Petrify                  Tmut/Erth      #.......     67%         4    #####..


Dungeon Overview and Level Annotations

Branches:
Dungeon (2/15)

Altars:


Innate Abilities, Weirdness & Mutations

You have large cloven feet.


Message History

Welcome, Amnesiac the Demonspawn Earth Elementalist.
Will you prevail where others failed? Will you find the Orb of Zot?
Press ? for a list of commands and other information.
Found a pair of gloves.
Found a staircase leading out of the dungeon.
a - a pair of gloves Wear which item? (? for menu, Esc to quit)
You start putting on your armour.
You continue putting on your pair of gloves. x4
You finish putting on your +0 pair of gloves.
Found a stone staircase leading down.
A jackal comes into view.
Found a hunting sling.
There is a stone staircase leading down here.
You climb downwards.
There is a stone staircase leading up here.
e - a helmet A kobold comes into view. It is wielding a club.
Casting: Sandblast (safe; 7% risk of failure)
Confirm with . or Enter, or press ? or * to list all spells.
Aiming: Sandblast (safe; 7% risk of failure)
Press: ? - help, Shift-Dir - straight line, f - kobold
Aim: a kobold, wielding a club (resting)
The blast of sand hits the kobold.
You kill the kobold!
b - 29 stones
Casting: Sandblast (safe; 7% risk of failure)
Confirm with . or Enter, or press ? or * to list all spells.
You can't see any susceptible monsters within range! (Use Z to cast anyway.)
Found a dagger.
Magic restored.
f - a scroll labeled BODEXO XEREUXT {!r} You see here a dagger.
g - a dagger Wield which item (- for none, * to show all)? (? for menu, Esc to quit)
g - a +0 dagger (weapon)
An adder comes into view.
An adder is nearby!
A hobgoblin comes into view.
Casting: Sandblast (safe; 7% risk of failure)
Confirm with . or Enter, or press ? or * to list all spells.
Aiming: Sandblast (safe; 7% risk of failure)
Press: ? - help, Shift-Dir - straight line, f - adder
Aim: an adder (resting)
The blast of sand hits the adder.
The adder is heavily wounded.
The adder hisses angrily.
b - 28 stones The hobgoblin shouts!
Casting: Sandblast (safe; 7% risk of failure)
Confirm with . or Enter, or press ? or * to list all spells.
Aiming: Sandblast (safe; 7% risk of failure)
Press: ? - help, Shift-Dir - straight line, f/p - adder
Aim: an adder (heavily wounded)
The blast of sand hits the adder.
You kill the adder!
Training target 2.0 for Stealth reached!
Your Stealth skill increases to level 2!
You have reached level 2!
Your demonic ancestry asserts itself...
Your feet thicken and deform.
b - 27 stones You see here an adder corpse.
Are you sure you want to abandon this character and quit the game? (Confirm with "yes".)

###### #.....###
........ ##
#.###.###############
...#.#..................
...#.#.#....##.....g.#
...#.#.#....##.......#
...#.#.#....##.......#
.......#....####@....#
##...###.#### #.....#
#.......# #.....#
#...#################
#.#......)....
#.###......### #.#
#......# #.# #......#
##.# ########


You could see a hobgoblin.

Vanquished Creatures
  An adder (D:2)
  A kobold (D:2)
2 creatures vanquished.

Notes
Turn   | Place    | Note
-------+----------+-------------------------------------------
     0 | D:1      | Amnesiac the Demonspawn Earth Elementalist began the quest for the Orb.
     0 | D:1      | Reached XP level 1. HP: 13/13 MP: 3/3
    84 | D:2      | Gained mutation: You have large cloven feet. [demonic ancestry]
    84 | D:2      | Reached XP level 2. HP: 19/19 MP: 1/5
    86 | D:2      | Quit the game

Vault maps used:
D:1:      minmay_arrival_checkered_box, serial_forest, infiniplex_forest_pool,
          infiniplex_forest_side_room, infiniplex_forest_clump_tiny,
          infiniplex_forest_zigzag_1, infiniplex_forest_lined_2,
          infiniplex_forest_split, infiniplex_forest_clump_diagonal,
          kennysheep_another_room, minmay_pentomino_o4
D:2:      minmay_diamond_boxcup, first_ration

Skill      XL: |  1 |
---------------+----+-----
Stealth        | 2 |  2.0
Dodging        | |  1.9
Spellcasting   | |  2.1
Transmutations | |  0.8
Earth Magic    | |  2.9

Action                   || total
-------------------------++-------
 Cast: Sandblast         ||     3

Table legend:
 A = Spawn XP
 B = Non-spawn XP
 C = Spawn XP percentage of total XP
 D = Spawn monster count
 E = Non-spawn monster count
 F = Spawn count percentage of total count
 G = Total turns spent on level
                    A         B        C        D         E        F      G
               +---------+---------+-------+---------+---------+-------+---------
         Total |       0 |      14 |   0.0 |       0 |       2 |   0.0 |    86
               +---------+---------+-------+---------+---------+-------+---------
           D:2 |       0 |      14 |   0.0 |       0 |       2 |   0.0 |    61
               +---------+---------+-------+---------+---------+-------+---------
